[ PARTIDA AOE2 · #495718732 ]
UnrankedBizantinos vs Berbers
Equipo del jugador · VICT
Equipo rival · DERR
[ ANÁLISIS DE REPETICIÓN · EXTRAÍDO DE LA PARTIDA GRABADA ]
Feudal
9:08
Castillos
24:59
Imperial
39:05
| APM promedio | 59.2 |
| APM pico | 94 |
| eAPM promedio | 29.4 |
| Aldeanos / militares | 72 / 75 |
Foco
⚔️ 39.3% · 🌾 60.7%
Archer ×54 · Cataphract ×7 · Mangonel ×6 · Monk ×3 · Trebuchet (Packed) ×3 · Knight ×2
Feudal
14:28
Castillos
18:56
Imperial
—
| APM promedio | 46.1 |
| APM pico | 96 |
| eAPM promedio | 24.7 |
| Aldeanos / militares | 206 / 17 |
Foco
⚔️ 23.0% · 🌾 77.0%
Knight ×9 · Militia ×3 · Mangonel ×3 · Scorpion ×2
Mapa de la partida
Recursos iniciales + cada clic de construcción. Líneas = muros · curvas = relieve. ◆ oro · ⬟ piedra · ● bayas · ✦ reliquia · ◌ hueco del cierre
Tu base· Abierta — el rival se encerró
Base de mamonie· ✓ Cerrada en 18:56 · 50t muro · sin puerta
Terreno inicial suavizado · ◌ = hueco del cierre detectado · pasá el cursor para detalles
Inputs por minuto
— HR FabiaN - - mamonie
Build order — HR FabiaN
Primeras 150 de 299 acciones detectadas
| 0:00 | Encolar | Villager (Male) |
| 0:00 | Encolar | Villager (Male) |
| 0:01 | Encolar | Villager (Male) |
| 0:02 | Construir | House |
| 0:03 | Construir | House |
| 0:06 | Encolar | Villager (Male) |
| 0:07 | Encolar | Villager (Male) |
| 1:24 | Encolar | Villager (Male) |
| 1:24 | Encolar | Villager (Male) |
| 1:56 | Construir | Lumber Camp |
| 2:03 | Encolar | Villager (Male) |
| 2:03 | Encolar | Villager (Male) |
| 2:31 | Encolar | Villager (Male) |
| 2:54 | Encolar | Villager (Male) |
| 3:12 | Encolar | Villager (Male) |
| 3:12 | Encolar | Villager (Male) |
| 3:39 | Encolar | Villager (Male) |
| 3:39 | Encolar | Villager (Male) |
| 3:59 | Construir | House |
| 4:06 | Encolar | Villager (Male) |
| 4:11 | Encolar | Villager (Male) |
| 4:36 | Encolar | Villager (Male) |
| 4:46 | Construir | Palisade Wall |
| 4:48 | Construir | Palisade Wall |
| 5:09 | Encolar | Villager (Male) |
| 5:30 | Construir | Mill |
| 5:44 | Encolar | Villager (Male) |
| 6:11 | Investigar | Loom |
| 6:11 | Investigar | Loom |
| 6:37 | Construir | Palisade Wall |
| 6:38 | Construir | Palisade Wall |
| 6:58 | Investigar | Feudal Age |
| 6:58 | Investigar | Feudal Age |
| 7:00 | Construir | Barracks |
| 8:01 | Encolar | Villager (Male) |
| 8:04 | Encolar | Villager (Male) |
| 8:37 | Encolar | Villager (Male) |
| 8:57 | Construir | Palisade Gate |
| 9:08 | Edad | Edad Feudal |
| 9:09 | Construir | Palisade Wall |
| 9:11 | Construir | Archery Range |
| 9:23 | Encolar | Villager (Male) |
| 9:23 | Encolar | Villager (Male) |
| 9:35 | Construir | House |
| 9:40 | Construir | Mill |
| 9:53 | Construir | House |
| 9:55 | Encolar | Archer |
| 9:55 | Encolar | Archer |
| 10:04 | Encolar | Archer |
| 10:04 | Encolar | Archer |
| 10:04 | Encolar | Archer |
| 10:27 | Encolar | Villager (Male) |
| 10:59 | Encolar | Villager (Male) |
| 10:59 | Encolar | Villager (Male) |
| 11:03 | Construir | Mining Camp |
| 11:21 | Construir | Watch Tower |
| 11:33 | Encolar | Villager (Male) |
| 11:35 | Construir | Farm |
| 11:44 | Investigar | Double-Bit Axe |
| 11:44 | Investigar | Double-Bit Axe |
| 11:44 | Investigar | Double-Bit Axe |
| 11:44 | Investigar | Double-Bit Axe |
| 11:44 | Investigar | Double-Bit Axe |
| 11:45 | Investigar | Double-Bit Axe |
| 11:45 | Investigar | Double-Bit Axe |
| 11:45 | Investigar | Double-Bit Axe |
| 12:02 | Encolar | Villager (Male) |
| 12:03 | Encolar | Villager (Male) |
| 12:09 | Encolar | Archer |
| 12:09 | Encolar | Archer |
| 12:20 | Construir | Palisade Wall |
| 12:20 | Construir | Palisade Wall |
| 12:20 | Construir | Palisade Wall |
| 12:20 | Construir | Palisade Wall |
| 12:20 | Construir | Palisade Wall |
| 12:21 | Construir | Palisade Wall |
| 12:21 | Construir | Palisade Wall |
| 12:21 | Construir | Palisade Wall |
| 12:21 | Construir | Palisade Wall |
| 12:44 | Encolar | Archer |
| 12:45 | Encolar | Archer |
| 12:50 | Encolar | Villager (Male) |
| 12:54 | Construir | Blacksmith |
| 13:19 | Construir | Farm |
| 13:51 | Investigar | Fletching |
| 13:51 | Investigar | Fletching |
| 13:51 | Investigar | Fletching |
| 13:51 | Investigar | Fletching |
| 13:51 | Investigar | Fletching |
| 13:51 | Investigar | Fletching |
| 13:51 | Investigar | Fletching |
| 13:51 | Investigar | Fletching |
| 13:51 | Investigar | Fletching |
| 14:07 | Construir | Farm |
| 14:08 | Construir | Farm |
| 14:19 | Construir | Watch Tower |
| 14:27 | Encolar | Archer |
| 14:27 | Encolar | Archer |
| 14:30 | Encolar | Villager (Male) |
| 14:30 | Encolar | Villager (Male) |
| 14:33 | Construir | House |
| 14:48 | Construir | House |
| 14:49 | Encolar | Archer |
| 14:49 | Encolar | Archer |
| 14:56 | Encolar | Villager (Male) |
| 15:17 | Encolar | Villager (Male) |
| 15:20 | Construir | House |
| 15:21 | Encolar | Archer |
| 15:21 | Encolar | Archer |
| 15:22 | Encolar | Archer |
| 15:27 | Encolar | Villager (Male) |
| 15:32 | Construir | Mining Camp |
| 15:37 | Encolar | Archer |
| 16:14 | Encolar | Villager (Male) |
| 16:16 | Construir | Farm |
| 16:44 | Encolar | Archer |
| 16:46 | Encolar | Villager (Male) |
| 17:10 | Encolar | Archer |
| 17:12 | Encolar | Villager (Male) |
| 17:14 | Construir | Farm |
| 17:27 | Encolar | Villager (Male) |
| 17:29 | Encolar | Archer |
| 17:56 | Construir | Watch Tower |
| 18:06 | Investigar | Padded Archer Armor |
| 18:09 | Encolar | Archer |
| 18:18 | Encolar | Villager (Male) |
| 18:19 | Construir | Farm |
| 18:19 | Construir | Farm |
| 18:20 | Encolar | Archer |
| 18:38 | Construir | House |
| 18:43 | Construir | Lumber Camp |
| 18:56 | Construir | House |
| 18:57 | Construir | House |
| 19:22 | Construir | House |
| 19:27 | Encolar | Archer |
| 19:43 | Encolar | Archer |
| 19:48 | Construir | Watch Tower |
| 19:52 | Encolar | Villager (Male) |
| 19:52 | Encolar | Archer |
| 19:59 | Construir | House |
| 20:14 | Encolar | Archer |
| 20:15 | Encolar | Villager (Male) |
| 20:18 | Construir | Market |
| 20:37 | Construir | Farm |
| 20:39 | Construir | Farm |
| 20:45 | Construir | House |
| 20:50 | Construir | Farm |
| 20:51 | Encolar | Villager (Male) |
| 20:51 | Encolar | Villager (Male) |
| 21:07 | Construir | Watch Tower |
Build order — mamonie
Primeras 150 de 332 acciones detectadas
| 0:02 | Encolar | Villager (Male) |
| 0:02 | Encolar | Villager (Male) |
| 0:02 | Encolar | Villager (Male) |
| 0:02 | Encolar | Villager (Male) |
| 0:02 | Construir | House |
| 0:04 | Construir | House |
| 1:29 | Encolar | Villager (Male) |
| 1:29 | Encolar | Villager (Male) |
| 1:55 | Construir | House |
| 1:56 | Construir | House |
| 2:03 | Encolar | Villager (Male) |
| 2:03 | Encolar | Villager (Male) |
| 2:03 | Encolar | Villager (Male) |
| 2:03 | Encolar | Villager (Male) |
| 2:22 | Encolar | Villager (Male) |
| 2:22 | Encolar | Villager (Male) |
| 2:22 | Encolar | Villager (Male) |
| 2:22 | Encolar | Villager (Male) |
| 2:30 | Construir | House |
| 3:00 | Encolar | Villager (Male) |
| 3:00 | Encolar | Villager (Male) |
| 3:16 | Encolar | Villager (Male) |
| 3:34 | Construir | Barracks |
| 4:10 | Encolar | Villager (Male) |
| 4:22 | Construir | House |
| 4:37 | Encolar | Villager (Male) |
| 4:48 | Encolar | Militia |
| 4:48 | Encolar | Militia |
| 5:06 | Encolar | Villager (Male) |
| 5:18 | Construir | Lumber Camp |
| 5:25 | Encolar | Militia |
| 5:33 | Construir | Palisade Wall |
| 5:37 | Encolar | Villager (Male) |
| 5:37 | Encolar | Villager (Male) |
| 5:55 | Encolar | Villager (Male) |
| 6:26 | Encolar | Villager (Male) |
| 6:26 | Encolar | Villager (Male) |
| 6:51 | Construir | Palisade Wall |
| 6:52 | Construir | Palisade Wall |
| 6:56 | Construir | Palisade Wall |
| 6:57 | Encolar | Villager (Male) |
| 6:57 | Encolar | Villager (Male) |
| 7:08 | Construir | Mill |
| 8:05 | Encolar | Villager (Male) |
| 8:05 | Encolar | Villager (Male) |
| 8:05 | Encolar | Villager (Male) |
| 8:05 | Encolar | Villager (Male) |
| 8:08 | Construir | Mill |
| 8:30 | Construir | Palisade Wall |
| 8:35 | Construir | House |
| 8:56 | Construir | Palisade Wall |
| 9:00 | Construir | Palisade Wall |
| 9:43 | Encolar | Villager (Male) |
| 10:03 | Construir | Farm |
| 10:03 | Construir | Farm |
| 10:28 | Construir | House |
| 10:34 | Encolar | Villager (Male) |
| 10:43 | Construir | Lumber Camp |
| 10:48 | Construir | House |
| 10:53 | Construir | Farm |
| 10:54 | Construir | Farm |
| 11:02 | Encolar | Villager (Male) |
| 11:26 | Construir | Farm |
| 11:28 | Encolar | Villager (Male) |
| 11:29 | Investigar | Loom |
| 11:30 | Investigar | Feudal Age |
| 11:50 | Construir | House |
| 11:56 | Construir | Mining Camp |
| 12:02 | Construir | Farm |
| 12:03 | Construir | Farm |
| 13:15 | Construir | Mining Camp |
| 13:32 | Encolar | Villager (Male) |
| 13:57 | Encolar | Villager (Male) |
| 14:13 | Construir | Palisade Wall |
| 14:28 | Edad | Edad Feudal |
| 14:30 | Construir | House |
| 14:36 | Construir | Blacksmith |
| 14:41 | Investigar | Double-Bit Axe |
| 14:45 | Construir | Market |
| 14:55 | Encolar | Villager (Male) |
| 15:12 | Encolar | Villager (Male) |
| 15:59 | Construir | Market |
| 16:16 | Investigar | Castle Age |
| 16:30 | Construir | House |
| 16:32 | Construir | House |
| 16:37 | Construir | Palisade Wall |
| 17:10 | Construir | Blacksmith |
| 17:28 | Construir | Mining Camp |
| 17:32 | Construir | House |
| 18:14 | Construir | Lumber Camp |
| 18:27 | Encolar | Villager (Male) |
| 18:35 | Construir | Palisade Wall |
| 18:40 | Construir | Palisade Wall |
| 18:43 | Construir | Palisade Wall |
| 18:49 | Investigar | Wheelbarrow |
| 18:56 | Edad | Edad de los Castillos |
| 18:58 | Construir | Siege Workshop |
| 19:10 | Construir | Palisade Wall |
| 19:11 | Construir | Palisade Wall |
| 19:12 | Construir | Palisade Wall |
| 19:15 | Construir | Palisade Wall |
| 19:18 | Construir | Palisade Wall |
| 19:21 | Construir | House |
| 19:23 | Construir | House |
| 19:29 | Construir | House |
| 19:33 | Construir | Palisade Wall |
| 19:35 | Construir | Stone Wall |
| 19:37 | Construir | Stone Wall |
| 19:37 | Construir | Stone Wall |
| 19:42 | Encolar | Scorpion |
| 19:44 | Encolar | Villager (Male) |
| 19:44 | Encolar | Villager (Male) |
| 20:50 | Construir | Town Center |
| 21:05 | Encolar | Villager (Male) |
| 21:05 | Encolar | Villager (Male) |
| 21:30 | Encolar | Villager (Male) |
| 21:30 | Encolar | Villager (Male) |
| 21:40 | Encolar | Villager (Male) |
| 21:40 | Encolar | Villager (Male) |
| 21:40 | Encolar | Villager (Male) |
| 22:33 | Encolar | Villager (Male) |
| 22:33 | Encolar | Villager (Male) |
| 22:33 | Encolar | Villager (Male) |
| 22:33 | Encolar | Villager (Male) |
| 23:28 | Construir | Town Center |
| 23:38 | Construir | Farm |
| 23:38 | Construir | Farm |
| 23:55 | Encolar | Villager (Male) |
| 23:57 | Encolar | Villager (Male) |
| 23:57 | Encolar | Villager (Male) |
| 24:08 | Construir | Palisade Wall |
| 24:30 | Encolar | Scorpion |
| 24:31 | Encolar | Villager (Male) |
| 24:31 | Encolar | Villager (Male) |
| 24:31 | Encolar | Villager (Male) |
| 24:31 | Encolar | Villager (Male) |
| 24:46 | Encolar | Villager (Male) |
| 24:46 | Encolar | Villager (Male) |
| 24:46 | Encolar | Villager (Male) |
| 24:46 | Encolar | Villager (Male) |
| 25:12 | Encolar | Villager (Male) |
| 25:12 | Encolar | Villager (Male) |
| 25:12 | Encolar | Villager (Male) |
| 25:12 | Encolar | Villager (Male) |
| 25:17 | Encolar | Villager (Male) |
| 25:17 | Encolar | Villager (Male) |
| 25:36 | Encolar | Villager (Male) |
| 25:36 | Encolar | Villager (Male) |
| 25:36 | Encolar | Villager (Male) |
| 26:01 | Encolar | Villager (Male) |
Cronología de la partida
| 3:34 | mamonie · first_building Barracks |
| 4:46 | HR FabiaN · wall_segment Palisade Wall x1 |
| 4:48 | HR FabiaN · wall_segment Palisade Wall x2 |
| 5:33 | mamonie · wall_segment Palisade Wall x8 |
| 6:37 | HR FabiaN · wall_segment Palisade Wall x1 |
| 6:38 | HR FabiaN · wall_segment Palisade Wall x1 |
| 6:51 | mamonie · wall_segment Palisade Wall x1 |
| 6:52 | mamonie · wall_segment Palisade Wall x1 |
| 6:56 | mamonie · wall_segment Palisade Wall x7 |
| 7:00 | HR FabiaN · first_building Barracks |
| 8:30 | mamonie · wall_segment Palisade Wall x13 |
| 8:56 | mamonie · wall_segment Palisade Wall x3 |
| 9:00 | mamonie · wall_segment Palisade Wall x8 |
| 9:08 | HR FabiaN · age_up feudal |
| 9:09 | HR FabiaN · wall_segment Palisade Wall x1 |
| 9:11 | HR FabiaN · first_building Archery Range |
| 12:20 | HR FabiaN · wall_segment Palisade Wall x1 |
| 12:20 | HR FabiaN · wall_segment Palisade Wall x2 |
| 12:20 | HR FabiaN · wall_segment Palisade Wall x1 |
| 12:20 | HR FabiaN · wall_segment Palisade Wall x1 |
| 12:20 | HR FabiaN · wall_segment Palisade Wall x1 |
| 12:21 | HR FabiaN · wall_segment Palisade Wall x1 |
| 12:21 | HR FabiaN · wall_segment Palisade Wall x1 |
| 12:21 | HR FabiaN · wall_segment Palisade Wall x1 |
| 12:21 | HR FabiaN · wall_segment Palisade Wall x1 |
| 14:13 | mamonie · wall_segment Palisade Wall x1 |
| 14:28 | mamonie · age_up feudal |
| 15:54 | mamonie · first_market_buy 100 wood |
| 16:12 | mamonie · first_market_sell 100 food |
| 16:37 | mamonie · wall_segment Palisade Wall x5 |
| 18:35 | mamonie · wall_segment Palisade Wall x1 |
| 18:40 | mamonie · wall_segment Palisade Wall x1 |
| 18:43 | mamonie · wall_segment Palisade Wall x1 |
| 18:56 | mamonie · age_up castle |
| 18:58 | mamonie · first_building Siege Workshop |
| 19:10 | mamonie · wall_segment Palisade Wall x1 |
| 19:11 | mamonie · wall_segment Palisade Wall x1 |
| 19:12 | mamonie · wall_segment Palisade Wall x1 |
| 19:15 | mamonie · wall_segment Palisade Wall x1 |
| 19:18 | mamonie · wall_segment Palisade Wall x1 |
| 19:33 | mamonie · wall_segment Palisade Wall x1 |
| 19:35 | mamonie · wall_segment Stone Wall x1 |
| 19:37 | mamonie · wall_segment Stone Wall x1 |
| 19:37 | mamonie · wall_segment Stone Wall x1 |
| 22:09 | HR FabiaN · first_market_buy 100 food |
| 22:10 | HR FabiaN · first_market_sell 100 wood |
| 23:01 | HR FabiaN · first_building Stable |
| 24:08 | mamonie · wall_segment Palisade Wall x1 |
| 24:59 | HR FabiaN · age_up castle |
| 25:39 | HR FabiaN · first_building Siege Workshop |
| 27:34 | mamonie · first_building Castle |
| 30:11 | HR FabiaN · first_building Monastery |
| 33:28 | HR FabiaN · first_building Castle |
| 33:44 | mamonie · first_building Stable |
| 36:06 | mamonie · wall_segment Stone Wall x1 |
| 36:06 | mamonie · wall_segment Stone Wall x1 |
| 39:05 | HR FabiaN · age_up imperial |
| 39:38 | mamonie · resign |
[ ANÁLISIS IA · 1 CRÉDITO ]
¿Qué pasó realmente en esta partida?
Wolo.gg analiza cada decisión: build order, eco, micro, errores típicos por bracket. Análisis personalizado por WhatsApp o Discord en 30 segundos.
Guía civ
Bizantinos
Perfil
Jugador #211236